 Dungeon Crawl Stone Soup version 0.27-a0-1299-g1ab19c6527 (webtiles) character file.

Game seed: 3140769301568905435

4742 mordus the Grappler (level 10, 0/88 HPs)
             Began as a Troll Monk on June 16, 2021.
             Slain by a killer bee (6 damage)
             ... on level 9 of the Dungeon.
             The game lasted 00:11:02 (7008 turns).

mordus the Grappler (Troll Monk)                    Turns: 7008, Time: 00:11:03

Health: 0/88       AC:  4    Str: 26    XL:     10   Next: 22%
Magic:  0/0        EV: 12    Int:  6    God:
Gold:   449        SH:  0    Dex: 12    Spells: 9/9 levels left

rFire    + . .     SeeInvis .     - Unarmed
rCold    . . .     Faith    .   (no shield)
rNeg     + + .     Spirit   .   a - +0 robe
rPois    .         Reflect  .   (helmet restricted)
rElec    .         Harm     .   (no cloak)
rCorr    .         Rampage  .   (gloves unavailable)
Will     +....                  (boots unavailable)
Stlth    ++........             f - amulet of regeneration
HPRegen  2.24/turn              i - ring "Atankem" {Fire rN++ Will+ MP-9 Str+2}
MPRegen  0.07/turn              m - ring of protection from cold

@: lethally poisoned (0 -> 0)
A: large, unfitting armour, claws 3, regeneration 1, shaggy fur 1, tough skin 1
a: no special abilities


You were on level 9 of the Dungeon.
You visited 1 branch of the dungeon, and saw 9 of its levels.

You collected 449 gold pieces.

Inventory:

Hand Weapons
 B - a +0 whip of flaming
Missiles
 w - 2 atropa-tipped darts (quivered)
 y - a throwing net
 C - a curare-tipped dart
Armour
 a - a +0 robe (worn)
Jewellery
 f - an amulet of regeneration (around neck)
 i - the ring "Atankem" (left claw) {Fire rN++ Will+ MP-9 Str+2}
   (You found it on level 5 of the Dungeon)

   [ring of fire]

   It enhances your fire magic.
   It affects your strength (+2).
   It protects you from fire.
   It makes you vulnerable to cold.
   It greatly protects you from negative energy.
   It affects your magic capacity (-9).
   It increases your willpower.
 k - an amulet of guardian spirit
 l - a +6 ring of strength
 m - a ring of protection from cold (right claw)
 t - a ring of poison resistance
 v - a ring of willpower
 x - an amulet of magic regeneration
Wands
 e - a wand of acid (9)
 r - a wand of mindburst (22)
Scrolls
 b - 3 scrolls of teleportation
 c - 3 scrolls of summoning {unknown}
 g - 8 scrolls of identify
 s - a scroll of enchant armour {unknown}
 u - a scroll of amnesia {unknown}
 A - a scroll of magic mapping {unknown}
Potions
 d - a potion of curing
 h - a potion of heal wounds {unknown}
 j - a potion of magic {unknown}
 n - 2 potions of lignification {unknown}
 o - a potion of might {unknown}
 p - 2 potions of brilliance {unknown}
 q - 2 potions of attraction {unknown}
 z - a potion of degeneration {unknown}


   Skills:
 - Level 2.4 Fighting
 + Level 7.7 Dodging
 - Level 1.0 Stealth
 * Level 12.4 Unarmed Combat


You had 9 spell levels left.
You didn't know any spells.
Your spell library contained the following spells:

 Spells                   Type           Power      Damage    Failure   Level
 Confusing Touch          Hex            0%         N/A       83%         3
 Gell's Gravitas          Tloc           0%         N/A       83%         3
 Petrify                  Tmut/Erth      0%         N/A       99%         4
 Bolt of Magma            Conj/Fire/Erth 0%         4d4       100%        5
 Iskenderun's Battlesphe  Conj           0%         2d6       100%        5
 Metabolic Englaciation   Hex/Ice        0%         N/A       100%        5
 Yara's Violent Unravell  Hex/Tmut       0%         3d3       100%        5
 Iron Shot                Conj/Erth      0%         9d1       100%        6
 Orb of Destruction       Conj           0%         N/A       100%        7
 Spellforged Servitor     Conj/Summ      0%         N/A       100%        7


Dungeon Overview and Level Annotations

Branches:
Dungeon (9/15)             Temple (0/1) D:6
   Lair: D:8-11         Orc: D:9-12

Altars:
Ashenzari
Dithmenos
Hepliaklqana
Okawaru
Sif Muna
Uskayaw
Vehumet
Wu Jian
Xom
Zin
The Shining One

Shops:
D:6 [


Innate Abilities, Weirdness & Mutations

You are too large for most types of armour.
You have claws for hands.
Your natural rate of healing is unusually fast.
You are covered in fur. (AC +1)
You have tough skin. (AC +1)


Message History

* * * LOW HITPOINT WARNING * * *
The killer bee completely misses you.
You miss the killer bee.
The killer bee is severely wounded.
You feel sick. The killer bee barely misses you.
You closely miss the killer bee.
You claw the killer bee, but do no damage.
The killer bee is severely wounded.
You feel sick. The killer bee stings you.
* * * LOW HITPOINT WARNING * * *
You are more poisoned.
The killer bee poisons you! The killer bee stings you.
* * * LOW HITPOINT WARNING * * *
You feel better. The killer bee misses you. The killer bee stings you.
* * * LOW HITPOINT WARNING * * *
The killer bee stings you.
* * * LOW HITPOINT WARNING * * *
You are poisoned.
The killer bee poisons you!
You feel sick. The killer bee completely misses you.
The killer bee closely misses you. The killer bee stings you.
* * * LOW HITPOINT WARNING * * *
You feel sick. The killer bee stings you.
* * * LOW HITPOINT WARNING * * *
You feel sick. The killer bee stings you!
* * * LOW HITPOINT WARNING * * *
You feel sick.
The killer bee stings you but does no damage.
You claw the killer bee!
You kill the killer bee!
You feel sick.
You closely miss the killer bee.
You feel sick. The killer bee completely misses you.
The killer bee closely misses you.
You miss the killer bee.
You feel sick. The killer bee barely misses you. The killer bee stings you.
* * * LOW HITPOINT WARNING * * *
You are more poisoned.
The killer bee poisons you!
You barely miss the killer bee.
You feel sick. The killer bee stings you.
You die...

# #....#
....####....#
......†.....#
####..##....# ##
#....# # ##Z### #.
#y# #.###y#
###...#@###
#.........#
..####....#
...#########.....#
.............#.#...#
#########..........#
#.####.##..#
##########.# #.# ###
#.....†))).####.#


You could see 2 killer bees and a centaur zombie.

Vanquished Creatures
  A two-headed ogre (D:7)
  A wyvern (D:7)
  2 steam dragons
  3 water moccasins
  Duvessa (D:7)
  3 black bears
  An ice beast (D:6)
  2 centaurs (D:7)
  2 kobold brigands (D:9)
  2 wyvern zombies
  2 scorpions
  Dowan (D:7)
  A water moccasin skeleton (D:6)
  A wight (D:7)
  26 killer bees
  A howler monkey (D:6)
  3 centaur zombies
  2 hounds
  5 jellies
  A gnoll shaman (D:4)
  4 orc priests
  A bullfrog skeleton (D:6)
  3 iguanas
  Terence (D:2)
  6 orc wizards
  A killer bee zombie (D:7)
  A howler monkey zombie (D:8)
  7 adders
  11 gnolls
  2 shadow imps
  3 white imps
  3 worms
  2 dart slugs
  14 orcs
  9 endoplasms
  A giant cockroach (D:3)
  6 hobgoblins
  5 jackals
  20 kobolds
  3 quokkas
  6 ball pythons
  6 bats
  7 frilled lizards
  7 goblins
  5 rats
195 creatures vanquished.

Vanquished Creatures (others)
  A goblin (D:4)
1 creature vanquished.

Grand Total: 196 creatures vanquished

Notes
Turn   | Place    | Note
-------+----------+-------------------------------------------
     0 | D:1      | mordus the Troll Monk began the quest for the Orb.
     0 | D:1      | Reached XP level 1. HP: 22/22 MP: 0/0
   158 | D:1      | Found a faded altar of an unknown god.
   205 | D:1      | Reached XP level 2. HP: 29/29 MP: 1/1
   869 | D:2      | Reached XP level 3. HP: 36/36 MP: 2/2
   922 | D:2      | Reached skill level 4 in Unarmed Combat
   998 | D:2      | Noticed Terence
  1007 | D:2      | Killed Terence
  1008 | D:2      | Reached XP level 4. HP: 33/44 MP: 3/3
  1394 | D:3      | Reached skill level 5 in Unarmed Combat
  1394 | D:3      | Reached XP level 5. HP: 33/50 MP: 4/4
  2183 | D:4      | Found a radiant altar of Vehumet.
  2252 | D:4      | Reached XP level 6. HP: 25/59 MP: 5/5
  2358 | D:4      | Found a shadowy altar of Dithmenos.
  2358 | D:4      | Noticed a shadow
  2363 | D:4      | Found a hazy altar of Hepliaklqana.
  2403 | D:4      | Reached skill level 6 in Unarmed Combat
  2674 | D:4      | Found a glowing golden altar of the Shining One.
  2675 | D:4      | Found an ornate altar of the Wu Jian Council.
  3448 | D:4      | Reached XP level 7. HP: 64/66 MP: 6/6
  3575 | D:5      | Entered Level 5 of the Dungeon
  3598 | D:5      | Identified the ring "Atankem" {Fire rN++ Will+ MP-9 Str+2}
  3691 | D:5      | Reached skill level 7 in Unarmed Combat
  3805 | D:5      | Reached skill level 8 in Unarmed Combat
  3812 | D:5      | Reached skill level 5 in Dodging
  3816 | D:5      | HP: 3/66 [killer bee (2)]
  3828 | D:5      | Reached XP level 8. HP: 11/74 MP: 0/7
  4398 | D:6      | Reached skill level 9 in Unarmed Combat
  4491 | D:6      | Found an iron altar of Okawaru.
  4498 | D:6      | Found Faowiwaf's Antique Armour Emporium.
  4740 | D:6      | Found a staircase to the Ecumenical Temple.
  5141 | D:7      | Reached skill level 10 in Unarmed Combat
  5150 | D:7      | Reached XP level 9. HP: 8/80 MP: 0/8
  5332 | D:7      | Found a broken altar of Ashenzari.
  5388 | D:7      | Found a hide-covered altar of Uskayaw.
  5677 | D:7      | Noticed Duvessa
  5678 | D:7      | Noticed Dowan
  5691 | D:7      | Killed Duvessa
  5704 | D:7      | Killed Dowan
  5797 | D:7      | Found a glowing silver altar of Zin.
  5824 | D:7      | Noticed a two-headed ogre
  5834 | D:7      | Killed a two-headed ogre
  5835 | D:7      | Reached skill level 11 in Unarmed Combat
  5860 | D:7      | Found a shimmering altar of Xom.
  6537 | D:8      | Found a shimmering blue altar of Sif Muna.
  6607 | D:8      | Reached XP level 10. HP: 48/88 MP: 0/9
  6848 | D:9      | Reached skill level 12 in Unarmed Combat
  7008 | D:9      | Slain by a killer bee

Illustrated notes

Levels and vault maps discovered:
D:1:      lightli_arrival_quake, layout_basic,
          shapermc_ecumenical_altar_starsandcircs
D:2:      cheibrodos_helix_gallery, layout_rooms, uniq_terence
D:3:      layout_loops_ring, minmay_liquid_box
D:4:      layout_layer_cave, riverfiend_overflow_shadow_ancestor,
          kennysheep_mini, nzn_wu_jian_council_hall, fiery_altar_vehumet
D:5:      layout_loops_ring
D:6:      layout_cave_pods, lemuel_crystal_altar, temple_pool_b,
          serial_column_ruins, column_ruins_grid_1, column_ruins_open_tiny,
          column_ruins_open_small, column_ruins_columns_dead_end,
          column_ruins_open_medium, column_ruins_grid_1, serial_shops, shop
D:7:      layout_basic, lemuel_coloured_pillars_altar, marbit_many_paths,
          amcnicky_altar_gilded, lemuel_tele_altar, grunt_decor_one_mirror,
          moated_statue, minmay_circle_x, uniq_duvessa
D:8:      layout_rooms, tgw_sif
D:9:      layout_rooms, lemuel_another_geyser, uniq_erolcha

Skill      XL: |  1  2  3  4  5  6  7  8  9 10 |
---------------+-------------------------------+-----
Unarmed Combat | 4 5 6 8 10 11 12 | 12.4
Dodging        | 3 4 5 6 7 |  7.7
Fighting       | |  2.4
Stealth        | |  1.0

Action                   |  1- 3 |  4- 6 |  7- 9 | 10-12 || total
-------------------------+-------+-------+-------+-------++-------
Melee: Unarmed           |    97 |   196 |   247 |    99 ||   639
       Punch             |     1 |     6 |    12 |     4 ||    23
  Use: Scroll            |       |       |     5 |       ||     5
       Potion            |       |       |     2 |     1 ||     3
 Stab: Sleeping          |     4 |     7 |     1 |       ||    12
       Distracted        |       |       |     1 |       ||     1
Armor: Robe              |    37 |    66 |    62 |    14 ||   179
Dodge: Dodged            |    40 |   102 |   155 |    75 ||   372

Table legend: (Time is in decaauts)
 A = Elapsed time spent in this place.
 B = Non-inter-level travel time spent in this place.
 C = Inter-level travel time spent in this place.
 D = Time resting spent in this place.
 E = Time spent auto-exploring this place.
 F = Levels seen in this place.
 G = Mean time per level.
                   A        B        C        D        E       F      G
               +--------+--------+--------+--------+--------+-----+--------+
         Total |   6915 |   6647 |    268 |    267 |   5060 |   9 |  768.3 |
       Dungeon |   6915 |   6647 |    268 |    267 |   5060 |   9 |  768.3 |
               +--------+--------+--------+--------+--------+-----+--------+

Top non-repeatable levels by time:
     D:4: 1338 daAuts
     D:7: 1205 daAuts
     D:3: 906 daAuts
     D:1: 857 daAuts
     D:6: 793 daAuts
     D:5: 724 daAuts
     D:8: 458 daAuts
     D:2: 449 daAuts
     D:9: 183 daAuts
